Map: Hardwire LE

Players

A.I. 1 (Very Easy) - Winner!

  • Race: Zerg Zerg
  • Spawn Location: 1:00

ArT

  • Race: Protoss Protoss
  • Spawn Location: 7:00

VOD

Have the link to the VOD?

Description

Time

  • Played on: March 25, 2022, 4:49 a.m.
  • Length: 6:11
Show
View Real Time Build Order
Export as new Build Order

A.I. 1 (Very Easy) Zerg - Winner!

Build Orders: Pool Only 

Get SALT Encoding   

  12  0:00  Drone  
  13  0:12  Overlord  
  13  0:16  Drone  
  14  0:36  Spawning Pool  
  14  0:37  Extractor  
  14  0:39  Drone  
  13  0:47  Drone  
  14  0:52  Overlord  
  14  1:23  Zergling x2, Queen  
  17  1:32  Roach Warren  
  16  1:33  Extractor  
  16  1:36  Drone  
  16  1:43  Drone  
  17  1:51  Zergling x2  
  18  2:03  Drone  
  19  2:10  Drone  
  20  2:19  Zergling x2, Drone  
  22  2:30  Overlord  
  22  2:32  Drone  
  23  2:39  Drone  
  24  2:47  Roach, Drone  
  27  5:45  Zergling x2  
  23  5:57  Drone  
Show
View Real Time Build Order
Export as new Build Order

ArT Protoss 

Build Orders: 1 Gate Expand, Oracle Opening 

Get SALT Encoding   

  12  0:00  Probe  
  13  0:12  Probe  
  14  0:18  Pylon  
  14  0:24  Probe (Chrono Boost)  
  15  0:36  Probe (Chrono Boost)  
  15  0:37  Gateway  
  16  0:45  Probe (Chrono Boost)  
  16  0:46  Assimilator  
  17  0:51  Probe  
  18  1:03  Probe  
  19  1:15  Probe  
  20  1:24  Nexus  
  20  1:34  Cybernetics Core  
  20  1:37  Probe  
  21  1:44  Assimilator  
  21  1:49  Probe  
  21  1:53  Pylon  
  22  2:01  Probe  
  23  2:09  Adept (Chrono Boost)  
  23  2:14  Probe  
  26  2:18  Stargate  
  26  2:23  Warp Gate  
  26  2:26  Probe (Chrono Boost)  
  27  2:31  Adept  
  27  2:36  Probe (Chrono Boost)  
  30  2:38  Probe (Chrono Boost)  
  31  2:45  Probe (Chrono Boost)  
  31  2:46  Probe (Chrono Boost)  
  31  2:50  Probe (Chrono Boost)  
  33  2:52  Probe  
  35  3:02  Probe  
  35  3:05  Probe  
  41  3:06  Void Ray (Chrono Boost)  
  41  3:13  Pylon  
  41  3:14  Probe  
  41  3:17  Probe  
  43  3:20  Gateway  
  43  3:27  Probe  
  44  3:29  Probe  
  45  3:36  Oracle  
  45  3:39  Probe  
  50  3:41  Probe  
  50  3:44  Twilight Council  
  50  3:45  Gateway  
  50  3:53  Probe  
  50  3:54  Probe  
  52  4:02  Nexus  
  52  4:05  Pylon  
  52  4:06  Probe  
  52  4:08  Probe  
  54  4:12  Resonating Glaives (Chrono Boost)  
  54  4:16  Assimilator  
  54  4:24  Adept x2  
  58  4:25  Pylon  
  58  4:26  Probe x2  
  58  4:28  Assimilator  
  60  4:38  Probe x2  
  61  4:43  Pylon  
  61  4:45  Adept x3  
  68  4:50  Probe x2  
  70  4:53  Robotics Facility  
  70  5:03  Probe x2  
  72  5:07  Adept x2  
  72  5:08  Adept  
  72  5:10  Pylon  
  78  5:15  Probe x2  
  78  5:16  Probe  
  78  5:19  Forge  
  81  5:29  Adept x2  
  81  5:30  Sentry  
  81  5:32  Probe x2  
  81  5:33  Probe  
  90  5:41  Observer (Chrono Boost), Pylon  
  91  5:44  Probe x2  
  91  5:48  Probe  
  94  5:50  Sentry x2  
  94  5:52  Pylon  
  94  5:56  Probe x2, Assimilator  
  100  5:59  Assimilator  
  100  6:03  Pylon  
Tags
 
Add a new tag
Caveats
  • Supply blocks, unpowered buildings, or Contaminate may cause inaccurate times.
  • Supply counts are checked every 10 seconds.